 Dungeon Crawl Stone Soup version 0.16-a0-4123-g49b462e (console) character file.

219 MrRokkomies the Cudgeler (level 5, -5/57 HPs)
             Began as an Ogre Ice Elementalist on Mar 1, 2015.
             Was a Follower of Dithmenos.
             Killed from afar by an orc wizard (11 damage)
             ... with a magic dart
             ... on level 3 of the Dungeon on Mar 2, 2015.
             The game lasted 00:12:36 (3121 turns).

MrRokkomies the Cudgeler (Ogre Ice Elementalist)    Turns: 3121, Time: 00:12:37

Health: -5/57      AC:  4    Str: 13    XL:     5   Next: 96%
Magic:  9/9        EV: 10    Int: 14    God:    Dithmenos [*.....]
Gold:   124        SH:  0    Dex: 11    Spells: 3 memorised, 0 levels left

rFire  . . .     SeeInvis .     d - +0 flail
rCold  . . .     Clarity  .     a - +1 robe
rNeg   . . .     SustAb   .     (shield restricted)
rPois  .         Gourm    .     (helmet restricted)
rElec  .         Spirit   .     (no cloak)
rCorr  .         Warding  .     (gloves unavailable)
rMut   .         Stasis   .     (boots unavailable)
MR     .....                    (no amulet)
Stlth  ++........               (no ring)
                                (no ring)

@: slowed, wreathed by umbra, very slow, not resistant to hostile enchantments,
unstealthy
A: unfitting armour, tough skin 1
a: Renounce Religion


You were on level 3 of the Dungeon.
You worshipped Dithmenos.
Dithmenos was aware of your devotion.
You were not hungry.

You visited 1 branch of the dungeon, and saw 3 of its levels.

You collected 124 gold pieces.

Inventory:

Hand weapons
 d - a +0 flail (weapon)
Missiles
 e - 22 stones (quivered)
 i - 14 poisoned needles
Armour
 a - a +1 robe (worn)
Scrolls
 f - a scroll of remove curse
Books
 b - a book of Frost

   Spells                             Type                      Level
   a - Freeze                         Ice                          1
   b - Throw Frost                    Conjuration/Ice              2
   c - Ozocubu's Armour               Charms/Ice                   3
   d - Throw Icicle                   Conjuration/Ice              4
   e - Summon Ice Beast               Ice/Summoning                4
   f - Condensation Shield            Ice                          4
Comestibles
 c - 2 meat rations
 g - a slice of pizza
 j - a bread ration


   Skills:
 * Level 5.0 Fighting
 * Level 5.0 Maces & Flails
 - Level 1.7 Dodging
 - Level 1.5 Stealth
 - Level 2.4 Spellcasting
   Level 0.6 Conjurations
 - Level 2.1 Ice Magic


You couldn't memorise any spells.
You knew the following spells:

 Your Spells              Type           Power        Failure   Level  Hunger
a - Freeze                Ice            #...         12%         1    #......
b - Ozocubu's Armour      Chrm/Ice       #.......     47%         3    ###....
c - Condensation Shield   Ice            #.........   89%         4    #####..


Dungeon Overview and Level Annotations

Branches:
Dungeon (3/15)

Altars:
Dithmenos
Gozag
Kikubaaqudgha
Makhleb
Trog
Vehumet


Innate Abilities, Weirdness & Mutations

You are too large for most types of armour.
You have tough skin (AC +1).


Message History

Your Maces & Flails skill increases to level 5!
The orc wizard hits you with a dagger.
* * * LOW HITPOINT WARNING * * *
The orc wizard barely misses you.
You see here a flail of draining.
You hit the orc wizard.
The orc wizard is heavily wounded.
The orc wizard mumbles some strange words.
The orc wizard blinks!
The orc wizard casts a spell at you. The magic dart hits you!
* * * LOW HITPOINT WARNING * * *
The orc wizard barely misses you.
You hit the orc wizard.
The orc wizard is severely wounded.
The orc wizard hits you with a dagger.
* * * LOW HITPOINT WARNING * * *
The orc wizard casts a spell at you. The magic dart hits you!
You die...

....#########.#
.........>....#
....#########.#
....# #.#
#############.##
...............#
#############..##
#...# #.#.##
#.#.o# #..#@##
##.#).# #.##.# #.
#..# #. ##.# ##
.# .# .. #. ..


You could see an orc wizard.

Vanquished Creatures
  A vampire bat (D:2)
  An orc priest (D:3)
  4 adders
  2 gnolls (D:1)
  2 worms
  A giant gecko (D:2)
  2 oozes (D:3)
  2 orcs (D:3)
  2 bat skeletons (D:2)
  3 bat zombies (D:2)
  4 giant cockroaches
  A goblin (D:2)
  10 hobgoblins
  4 jackals (D:1)
  A quokka (D:3)
  A ball python (D:2)
  6 bats
  A giant newt (D:2)
  13 kobolds
  7 rats
68 creatures vanquished.

Notes
Turn   | Place    | Note
--------------------------------------------------------------
     0 | D:1      | MrRokkomies, the Ogre Ice Elementalist, began the quest for the Orb.
     0 | D:1      | Reached XP level 1. HP: 16/16 MP: 3/3
   274 | D:1      | Reached skill level 1 in Fighting
   614 | D:1      | Reached skill level 1 in Maces & Flails
   798 | D:1      | Reached XP level 2. HP: 23/28 MP: 5/5
  1050 | D:1      | Reached XP level 3. HP: 22/35 MP: 1/6
  1565 | D:2      | Found a radiant altar of Vehumet.
  1565 | D:2      | Found a shadowy altar of Dithmenos.
  1571 | D:2      | Reached skill level 3 in Maces & Flails
  1572 | D:2      | Found a burning altar of Makhleb.
  1573 | D:2      | Found an opulent altar of Gozag.
  1574 | D:2      | Found a bloodstained altar of Trog.
  1577 | D:2      | Became a worshipper of Dithmenos the Shadowed
  1607 | D:2      | Upgraded the game from 0.16-a0-4113-g7d8e295 to 0.16-a0-4123-g49b462e
  1683 | D:2      | Learned a level 3 spell: Ozocubu's Armour
  1938 | D:2      | Reached XP level 4. HP: 32/45 MP: 8/8
  2010 | D:2      | HP: 1/45 [worm (5)]
  2417 | D:2      | Found an ancient bone altar of Kikubaaqudgha.
  2448 | D:2      | Reached skill level 4 in Fighting
  2448 | D:2      | Reached XP level 5. HP: 40/54 MP: 9/9
  2795 | D:2      | Learned a level 4 spell: Condensation Shield
  2859 | D:3      | Found an opulent altar of Gozag.
  3116 | D:3      | Reached skill level 5 in Fighting
  3116 | D:3      | Reached skill level 5 in Maces & Flails
  3121 | D:3      | Killed from afar by an orc wizard

Action                   |  1- 3 |  4- 6 || total
-------------------------+-------+-------++-------
Melee: Club              |   118 |    43 ||   161
       Unarmed           |     9 |       ||     9
       Mace              |       |    45 ||    45
       Flail             |       |    49 ||    49
       Quarterstaff      |       |    29 ||    29
Throw: Stone             |       |     2 ||     2
 Cast: Freeze            |    20 |    16 ||    36
  Use: Potion            |     1 |     2 ||     3
       Scroll            |     3 |     2 ||     5
 Stab: Sleeping          |       |     3 ||     3
  Eat: Chunk             |     3 |     5 ||     8
